 Dungeon Crawl Stone Soup version 0.31.0-32-g396128a36d (webtiles) character file.

Game seed: 14010348942997101297

12173 PaiMei the Merchant of Misery (level 11, -15/89 HPs)
             Began as a Demonspawn Necromancer on Apr 22, 2024.
             Was a Believer of Kikubaaqudgha.
             Demolished by a shadow (27 damage)
             ... on level 11 of the Dungeon.
             The game lasted 00:25:23 (14100 turns).

PaiMei the Merchant of Misery (DsNe)               Turns: 14100, Time: 00:25:23

Health: -15/89     AC:  9    Str:  8    XL:     11   Next: 59%
Magic:  29/32      EV: 15    Int: 20    God:    Kikubaaqudgha [**....]
Gold:   613        SH:  0    Dex: 14    Spells: 14/27 levels left

rFire   . . .        x - +7 staff of the Meek {protect, meekguard}
rCold   . . .        (shield currently unavailable)
rNeg    . . .        F - +1 leather armour {Will+}
rPois   .            n - +0 helmet
rElec   .            a - +0 cloak
rCorr   .            D - +2 pair of gloves
SInv    .            (boots unavailable)
Will    +....        (no amulet)
Stlth   ++           L - ring of magical power
HPRegen 0.34/turn    (no ring)
MPRegen 0.23/turn

%: no passive effects
@: no status effects
A: hooves 3, foul stench 2, demonic magic 2
a: Renounce Religion, Unearth Wretches


You were on level 11 of the Dungeon.
You worshipped Kikubaaqudgha.
Kikubaaqudgha was pleased with you.
You visited 2 branches of the dungeon, and saw 12 of its levels.

You collected 661 gold pieces.
You spent 48 gold pieces at shops.

Inventory:

Hand Weapons
 t - a +2 whip of electrocution
 x - the +7 staff of the Meek (weapon) {protect, meekguard}
   (You found it on level 4 of the Dungeon)
 N - a +8 sling
Missiles
 v - 25 poisoned darts
 Q - 4 curare-tipped darts (quivered)
Armour
 a - a +0 cloak (worn)
 l - a +4 chain mail of fire resistance
 n - a +0 helmet (worn)
 D - a +2 pair of gloves (worn)
 F - a +1 leather armour of willpower (worn)
 O - a +2 leather armour of positive energy
Jewellery
 H - a ring of ice
 L - a ring of magical power (left hand)
Wands
 p - a wand of polymorph (6)
 G - a wand of mindburst (7)
 K - a wand of digging (6)
Scrolls
 e - a scroll of fear {unknown}
 g - 2 scrolls of enchant armour {unknown}
 h - 2 scrolls of noise {unknown}
 i - 3 scrolls of amnesia
 j - 6 scrolls of identify
 m - a scroll of acquirement {unknown}
 r - 3 scrolls of poison
 s - 2 scrolls of revelation {unknown}
 u - a scroll of summoning {unknown}
 y - a scroll of immolation {unknown}
 z - a scroll of blinking {unknown}
 E - 2 scrolls of enchant weapon {unknown}
 J - 2 scrolls of teleportation
 P - a scroll of fog {unknown}
Potions
 b - a potion of magic
 c - 2 potions of attraction {unknown}
 d - 2 potions of lignification {unknown}
 f - 4 potions of curing
 k - 3 potions of heal wounds
 o - 2 potions of enlightenment {unknown}
 q - 2 potions of invisibility {unknown}
 A - a potion of cancellation {unknown}
 B - a potion of ambrosia {unknown}
 C - a potion of resistance {unknown}
 I - 2 potions of brilliance {unknown}
 M - a potion of mutation {unknown}


   Skills:
 + Level 9.3 Fighting
 + Level 8.9 Dodging
 - Level 2.0 Stealth
 + Level 8.9 Spellcasting
 + Level 11.1 Necromancy


You had 14 spell levels left.
You knew the following spells:

 Your Spells              Type           Power      Damage    Failure   Level
a - Necrotise             Necr           100%       1d9       1%          1
b - Vampiric Draining     Necr           52%        2d9       1%          3
c - Animate Dead          Necr           52%        N/A       1%          4
d - Curse of Agony        Necr           52%        N/A       3%          5

Your spell library contained the following spells:

 Spells                   Type           Power      Damage    Failure   Level
 Sublimation of Blood     Necr           52%        N/A       1%          2
 Fugue of the Fallen      Necr           52%        N/A       1%          3
 Cigotuvi's Dreadful Rot  Necr/Alch/Air  46%        N/A       3%          2
 Call Imp                 Summ           16%        N/A       17%         2
 Mercury Vapours          Alch/Air       16%        N/A       17%         2
 Mephitic Cloud           Conj/Alch/Air  8%         N/A       34%         3
 Ozocubu's Armour         Ice            8%         N/A       34%         3
 Manifold Assault         Tloc           8%         N/A       75%         4
 Freezing Cloud           Conj/Ice/Air   4%         6-21      97%         5
 Summon Hydra             Summ           4%         N/A       100%        7


Dungeon Overview and Level Annotations

Branches:
Dungeon (11/15)            Temple (1/1) D:7            Lair (0/5) D:8
    Orc (0/2) D:10

Altars:
Ashenzari
Dithmenos
Fedhas
Gozag
Hepliaklqana
Kikubaaqudgha
Nemelex Xobeh
Okawaru
Qazlal
Ru
Sif Muna
Trog
Uskayaw
Vehumet
Wu Jian
Jiyva

Shops:
D:1 !   D:4 [   D:7 (   D:9 ?

Annotations:
D:4 Grinder
D:7 2 transporters, LukeNinja's ghost, amateur HuFi
D:8 3 runed translucent doors, turdburglar's ghost, novice TrSh


Innate Abilities, Weirdness & Mutations

You have hooves in place of feet.
You sometimes emit foul miasma when damaged in melee.
Spells you cast may paralyse nearby enemies.


Message History

Psyche hits you with a +4 dagger of chaos.
Psyche freezes you.
You emit a cloud of foul miasma!
Psyche is engulfed in dark miasma.
Psyche is poisoned.
Psyche seems to slow down.
Psyche hits you but does no damage.
You are poisoned.
Your cyclops zombie hits Psyche!
Psyche dies!
Kikubaaqudgha accepts your kill.
You feel very sick.
Things that are here:
a +4 dagger of chaos; a +0 robe A shadow is nearby!
You swap places.
You feel sick.
The shadow slips into darkness.
The shadow flickers and vanishes!
Deactivating autopickup; reactivate with Ctrl-A.
You see here 5 large rocks.
You feel sick.
You feel sick.
You feel sick.
The shadow strikes at you from the darkness!
* * * LOW HITPOINT WARNING * * *
Reactivating autopickup.
You emit a cloud of foul miasma!
You barely miss the shadow. Your kick misses the shadow.
You feel sick. The shadow hits you.
* * * LOW HITPOINT WARNING * * *
Your cyclops zombie hits the shadow!
The shadow hits you!
* * * LOW HITPOINT WARNING * * *
You closely miss the shadow. Your kick misses the shadow.
The shadow is severely damaged.
You feel sick.
The shadow slips into darkness.
The shadow flickers and vanishes!
Deactivating autopickup; reactivate with Ctrl-A.
You barely miss something. You kick something.
You feel sick.
You are no longer poisoned.
The shadow strikes at you from the darkness!
You die...
Kikubaaqudgha rasps: "You have failed me!
Welcome... death!"

#.......
#####.......
###...........
.............
...........
#......... .##
#..#####.....
##.{Z.........
#...@###.#####
#...## # #####...#
.# ........# #.#
#####...###..####
#.....†.........
#....##..#######
...#.. ##...# ..
.###..#####.#####.#


You could see a friendly cyclops zombie.

Vanquished Creatures
  Snorg (D:10)
  A centaur warrior (D:10)
  A boulder beetle (D:10)
  2 two-headed ogres (D:10)
  Urug (D:10)
  Maurice (D:8)
  An ugly thing (D:11)
  3 cyclopes
  Joseph (D:10)
  A wraith (D:9)
  9 yaks
  5 wyverns
  Eustachio (D:6)
  A steam dragon (D:8)
  4 vampire mosquitoes
  Duvessa (D:5)
  2 water moccasins (D:8)
  5 orc warriors (D:10)
  A sky beast (D:7)
  2 ogres
  2 ice beasts
  A kobold brigand (D:7)
  2 bullfrogs (D:7)
  Blork the orc (D:5)
  2 gnoll sergeants
  Dowan (D:5)
  10 killer bees
  6 hounds
  6 jellies
  2 orc priests
  A gnoll bouda (D:4)
  4 iguanas
  Terence (D:2)
  4 orc wizards
  A sleepcap (D:6)
  11 gnolls
  7 adders
  A shadow imp (D:6)
  2 white imps (D:7)
  6 ufetubi
  A dart slug (D:4)
  A ribbon worm (D:2)
  27 orcs
  2 bats
  5 endoplasms
  A giant cockroach (D:4)
  4 goblins
  6 hobgoblins
  7 jackals (D:4)
  5 quokkas
  7 ball pythons
  2 frilled lizards
  12 kobolds
  3 rats
198 creatures vanquished.

Vanquished Creatures (collateral kills)
  Psyche (D:11)
  A kobold demonologist (D:9)
  2 orcs
4 creatures vanquished.

Vanquished Creatures (others)
  A two-headed ogre zombie (D:10)
1 creature vanquished.

Grand Total: 203 creatures vanquished

Notes
Turn   | Place    | Note
-------+----------+-------------------------------------------
     0 | D:1      | PaiMei the Demonspawn Necromancer began the quest for the
                  | Orb.
     0 | D:1      | Reached XP level 1. HP: 13/13 MP: 3/3
   359 | D:1      | Found Lanor's Distillery.
   581 | D:1      | Gained mutation: Spells you cast may paralyse adjacent
                  | enemies. [demonic ancestry]
   581 | D:1      | Reached XP level 2. HP: 19/19 MP: 1/5
  1128 | D:2      | Noticed Terence
  1253 | D:2      | Gained mutation: You may rarely emit foul miasma when
                  | damaged in melee. [demonic ancestry]
  1253 | D:2      | Reached XP level 3. HP: 25/25 MP: 2/6
  1539 | D:2      | Killed Terence
  1540 | D:2      | Reached skill level 1 in Fighting
  1779 | D:2      | Reached XP level 4. HP: 32/32 MP: 2/7
  1885 | D:3      | Reached skill level 5 in Necromancy
  2038 | D:3      | Learned a level 3 spell: Vampiric Draining
  3028 | D:4      | Reached XP level 5. HP: 38/38 MP: 2/9
  3097 | D:4      | Found Ogua's Antique Armour Shoppe.
  3247 | D:4      | Noticed Grinder
  3258 | D:5      | Entered Level 5 of the Dungeon
  3521 | D:5      | Noticed an ogre
  3552 | D:5      | Gained mutation: You sometimes emit foul miasma when
                  | damaged in melee. [demonic ancestry]
  3552 | D:5      | Reached XP level 6. HP: 46/46 MP: 1/10
  3568 | D:4      | Paralysed by Grinder for 3 turns
  3993 | D:4      | Found an ornate altar of the Wu Jian Council.
  4305 | D:4      | Found the +7 staff of the Meek {protect, meekguard}
  4559 | D:4      | Noticed a spectral centipede
  4559 | D:4      | Noticed a spectral black mamba
  4559 | D:4      | Noticed a spectral cane toad
  5416 | D:4      | Reached skill level 6 in Necromancy
  5416 | D:4      | Gained mutation: Spells you cast may paralyse nearby
                  | enemies. [demonic ancestry]
  5416 | D:4      | Reached XP level 7. HP: 22/52 MP: 5/12
  6079 | D:5      | Noticed Duvessa
  6079 | D:5      | Noticed Dowan
  6306 | D:5      | Noticed Blork the orc
  6317 | D:5      | Killed Blork the orc
  6554 | D:5      | Killed Duvessa
  6989 | D:5      | Killed Dowan
  7294 | D:6      | Gained mutation: You have large cloven feet. [demonic
                  | ancestry]
  7294 | D:6      | Reached XP level 8. HP: 48/60 MP: 5/14
  7434 | D:6      | Noticed Eustachio
  7444 | D:6      | Killed Eustachio
  7445 | D:6      | Reached skill level 7 in Necromancy
  7610 | D:6      | Reached skill level 5 in Dodging
  7610 | D:6      | Reached skill level 5 in Spellcasting
  8025 | D:7      | Reached skill level 5 in Fighting
  8649 | D:7      | Found a staircase to the Ecumenical Temple.
  8729 | D:7      | Noticed LukeNinja's ghost (amateur HuFi)
  8732 | D:7      | Found a transporter.
  8740 | D:7      | Noticed a purple ugly thing
  8741 | D:7      | Found a transporter.
  8779 | D:7      | Found Ifofo's Weapon Shoppe.
  8975 | Temple   | Entered the Ecumenical Temple
  8996 | Temple   | Became a worshipper of Kikubaaqudgha
  9035 | D:8      | Noticed Maurice
  9045 | D:7      | Reached XP level 9. HP: 62/68 MP: 11/17
  9050 | D:7      | Learned a level 4 spell: Animate Dead
  9056 | D:7      | Learned a level 5 spell: Curse of Agony
  9108 | D:8      | Found a staircase to the Lair.
  9122 | D:7      | Reached skill level 8 in Necromancy
  9822 | D:7      | Reached skill level 9 in Necromancy
  9927 | D:8      | Reached * piety under Kikubaaqudgha
  9927 | D:8      | Received a gift from Kikubaaqudgha
 10006 | D:8      | Gained mutation: You have hoof-like feet. [demonic
                  | ancestry]
 10006 | D:8      | Reached XP level 10. HP: 61/79 MP: 14/20
 10879 | D:8      | Killed Maurice
 11230 | D:8      | Found a runed translucent gate.
 11230 | D:8      | Found a runed translucent gate.
 11230 | D:8      | Found a runed translucent gate.
 11295 | D:8      | Noticed turdburglar's ghost (novice TrSh)
 11298 | D:8      | Found a viscous altar of Jiyva.
 11455 | D:9      | Found Tehap's Magic Scroll Shoppe.
 11464 | D:9      | Bought a scroll of teleportation for 48 gold pieces
 11940 | D:10     | Entered Level 10 of the Dungeon
 11940 | D:10     | Noticed a two-headed ogre
 11945 | D:10     | Killed a two-headed ogre
 11946 | D:10     | Reached skill level 10 in Necromancy
 12022 | D:10     | Noticed a two-headed ogre
 12023 | D:10     | Noticed Snorg
 12028 | D:10     | Killed a two-headed ogre
 12033 | D:10     | Killed Snorg
 12034 | D:10     | Gained mutation: You have hooves in place of feet. [demonic
                  | ancestry]
 12034 | D:10     | Reached XP level 11. HP: 58/87 MP: 12/23
 12256 | D:10     | Noticed Joseph
 12270 | D:10     | Killed Joseph
 12409 | D:10     | Found a staircase to the Orcish Mines.
 12558 | D:10     | Reached ** piety under Kikubaaqudgha
 12712 | D:10     | Noticed Urug
 12751 | D:10     | Noticed a centaur warrior
 12754 | D:10     | Noticed a boulder beetle
 12758 | D:10     | Killed a centaur warrior
 12802 | D:10     | Killed a boulder beetle
 13274 | D:10     | Found a shimmering blue altar of Sif Muna.
 13368 | D:10     | Killed Urug
 13868 | D:11     | Reached skill level 11 in Necromancy
 13938 | D:11     | Noticed a red ugly thing
 13944 | D:11     | Killed a red ugly thing
 14083 | D:11     | Noticed Psyche
 14092 | D:11     | Killed Psyche
 14100 | D:11     | Demolished by a shadow

Illustrated notes

Levels and vault maps discovered:
D:1:      dpeg_arrival_court, layout_basic, serial_shops, nicolae_shop_crystal
D:2:      layout_basic, uniq_terence
D:3:      layout_basic
D:4:      layout_layer_cave, pdpol_wu_jian_five_deadly_venoms, serial_shops,
          shop, pf_guarded_unrand_meek, uniq_grinder
D:5:      layout_cave_pools, uniq_duvessa, uniq_blork_the_orc
D:6:      layout_loops_cross, nicolae_overflow_hallway_of_the_gods,
          serial_rivers, chequers_serial_rivers_micro_c,
          chequers_serial_rivers_micro_d, chequers_serial_rivers_marsh,
          chequers_serial_rivers_micro_a, uniq_eustachio
D:7:      layout_basic, minmay_temple_entry_mini_moons, serial_shops, shop,
          gammafunk_ghost_arena, nicolae_grassy_gnolls
D:8:      layout_rooms, minmay_lair_entry_grove, gammafunk_ghost_ooze,
          uniq_maurice
D:9:      layout_rooms, serial_shops, nicolae_shop_getting_attention
D:10:     minmay_cornered_nines, layout_rooms, lemuel_blue_sif_altar,
          david_orc_5, uniq_joseph, uniq_snorg, uniq_urug
D:11:     layout_rooms, serial_shops, bzr_firewalk, grunt_decor_clamped,
          onia_ninara_dug_in_and_dangerous, uniq_psyche
Temple:   nicolae_temple_bog_church

Skill      XL: |  1  2  3  4  5  6  7  8  9 10 11 |
---------------+----------------------------------+-----
Dodging        | 2 3 4 5 6 8 |  8.9
Stealth        | 2 |  2.0
Fighting       | 1 2 3 4 5 7 8 9 |  9.3
Necromancy     | 5 6 7 9 10 11 | 11.1
Spellcasting   | 3 4 5 6 8 |  8.9

Action                     |  1- 3 |  4- 6 |  7- 9 | 10-12 || total
---------------------------+-------+-------+-------+-------++-------
  Melee: Short sword       |    23 |     4 |       |       ||    27
         Whip              |       |     9 |       |       ||     9
         Quarterstaff      |       |    13 |   147 |   133 ||   293
         Kick              |       |       |       |    36 ||    36
   Cast: Necrotise         |    55 |    91 |    70 |    38 ||   254
         Vampiric Draining |       |    17 |    65 |    37 ||   119
         Curse of Agony    |       |       |       |    11 ||    11
         Animate Dead      |       |       |       |     3 ||     3
    Use: Scroll            |       |       |       |     5 ||     5
   Stab: Paralysed         |     9 |    11 |    44 |    36 ||   100
         Distracted        |       |       |       |     1 ||     1
 Armour: Robe              |     6 |    40 |   216 |       ||   262
         Leather armour    |       |       |       |   120 ||   120
  Dodge: Dodged            |    16 |    51 |   255 |   115 ||   437
